 Dungeon Crawl Stone Soup version 0.25.1-2-g60ff931df9 (console) character file.

Game seed: 13703663443492667731

1084 Colgate the Cudgeler (level 8, -6/43 HPs)
             Began as a Kobold Artificer on Aug 28, 2020.
             Was a Believer of Cheibriados.
             Mangled by an ogre
             ... wielding a +0 giant club
              (25 damage)
             ... on level 5 of the Dungeon.
             The game lasted 00:53:20 (6238 turns).

Colgate the Cudgeler (Kobold Artificer)             Turns: 6238, Time: 00:53:20

Health: -6/43      AC:  7    Str: 15    XL:     8   Next: 55%
Magic:  9/12       EV: 21    Int: 23    God:    Cheibriados [**....]
Gold:   633        SH:  0    Dex: 22    Spells: 7/7 levels left

rFire    + . .     SeeInvis .   v - +1 flail
rCold    . . .     Gourm    .   (shield restricted)
rNeg     . . .     Faith    +   J - +3 leather armour {rF+}
rPois    .         Spirit   .   D - +1 hat
rElec    .         Reflect  .   l - scarf {repulsion}
rCorr    .         Harm     .   (no gloves)
MR       .....                  (no boots)
Stlth    +++.......             g - amulet of faith
HPRegen  0.14/turn              j - +4 ring of evasion
MPRegen  0.13/turn              C - +6 ring of intelligence

@: repel missiles, very slow
A: small, carnivore
a: Bend Time, Renounce Religion


You were on level 5 of the Dungeon.
You worshipped Cheibriados.
Cheibriados was pleased with you.
You were completely stuffed.

You visited 1 branch of the dungeon, and saw 5 of its levels.

You collected 633 gold pieces.

Inventory:

Hand Weapons
 v - a +1 flail (weapon)
Missiles
 i - 4 boomerangs (quivered)
 k - 37 sling bullets
 m - 26 bolts
 n - 28 stones
 t - 71 arrows
Armour
 b - a +2 robe of magic resistance
 l - a scarf of repulsion (worn)
 B - a +0 chain mail
 D - a +1 hat (worn)
 J - a +3 leather armour of fire resistance (worn)
Jewellery
 g - an amulet of faith (around neck)
 j - a +4 ring of evasion (left hand)
 C - a +6 ring of intelligence (right hand)
Wands
 c - a wand of flame (6)
 d - a wand of enslavement (7)
 e - a wand of iceblast (4)
Scrolls
 h - a scroll of fog {unknown}
 p - 3 scrolls of identify
 x - a scroll of enchant weapon
 y - a scroll of fear
 F - a scroll of immolation
Potions
 o - 3 potions of flight
 q - a potion of lignification
 r - 6 potions of curing
 s - a potion of cancellation {unknown}
 G - a potion of brilliance
 H - a potion of haste
Comestibles
 a - 3 chunks of flesh
 f - 12 rations


   Skills:
 - Level 1.1 Fighting
   Level 2.7 Short Blades
 + Level 6.2 Maces & Flails
 - Level 1.4 Armour
 - Level 3.7 Dodging
 - Level 4.8 Stealth
 - Level 6.0 Evocations


You had 7 spell levels left.
You didn't know any spells.
Your spell library was empty.

Dungeon Overview and Level Annotations

Branches:
Dungeon (5/15)
 Temple: D:4-7

Altars:
Cheibriados


Innate Abilities, Weirdness & Mutations

You are small and have problems with some larger weapons.
You are carnivorous and can eat meat at any time.


Message History

The ogre hits you with a +0 giant club!!
Ouch! That really hurt!
You are too injured to fight recklessly!
You are too injured to fight recklessly!
You are too injured to fight recklessly!
You are too injured to fight recklessly!
The flow of time bends around you.
The ogre resists with some effort.
You feel slightly less full.
Cheibriados lowers the support of your attributes as your movement quickens.
The ogre closely misses you.
You barely miss the ogre.
The ogre is almost dead.
The ogre barely misses you.
You closely miss the ogre.
The ogre is almost dead.
The ogre closely misses you.
You hit the ogre.
The ogre is almost dead.
The ogre hits you with a +0 giant club!!
Ouch! That really hurt!
You die...

##..###.....#### #.>#
#........# #..#
#........# #..#
#........# ******#..#
#........#
*,,,,,...###........#
*,****##.##.........#
*,* *,*#.#.#######
*******,* ##,*#.#.#
*,,,,,*,* #..##...#
### *,*,*,*,*
**#O@##.# #..
*,*,*,,,* ###.>##.#
#.# *,,,,****
#..##..## #.# ****,*
##.##.#############.#
*,*
#...................#
*,******
#.###################
*,,,,,,* #,* ******,*
*^* *,,,* *,*
*,*****,* *,,,,,,,*


You could see an ogre.

Vanquished Creatures
  Menkaure (D:4)
  Duvessa (D:4)
  An ice beast (D:5)
  An ogre (D:4)
  A scorpion (D:5)
  A howler monkey (D:3)
  A crimson imp (D:5)
  An orc priest (D:4)
  A bullfrog skeleton (D:4)
  Ijyb (D:4)
  2 iguanas (D:5)
  3 orc wizards
  3 worker ants
  10 orcs
  A hound skeleton (D:4)
  8 adders
  3 oozes
  2 adder zombies (D:5)
  4 worms
  A dart slug (D:1)
  6 leopard geckos
  9 bats
  6 giant cockroaches
  9 goblins
  5 hobgoblins
  2 jackals (D:1)
  9 kobolds
  3 quokkas
  A ball python (D:1)
  7 frilled lizards
  2 leopard gecko skeletons
  7 rats
113 creatures vanquished.

Vanquished Creatures (collateral kills)
  Dowan (D:4)
  An orc wizard (D:2)
  A worm (D:4)
3 creatures vanquished.

Grand Total: 116 creatures vanquished

Notes
Turn   | Place    | Note
-------+----------+-------------------------------------------
     0 | D:1      | Colgate the Kobold Artificer began the quest for the Orb.
     0 | D:1      | Reached XP level 1. HP: 12/12 MP: 3/3
   223 | D:1      | Reached XP level 2. HP: 7/16 MP: 5/5
   698 | D:1      | Reached XP level 3. HP: 14/20 MP: 6/6
   809 | D:1      | Reached skill level 5 in Evocations
  1590 | D:2      | Reached XP level 4. HP: 12/25 MP: 7/7
  2384 | D:3      | Reached XP level 5. HP: 27/29 MP: 9/9
  2668 | D:3      | Found a snail-covered altar of Cheibriados.
  2674 | D:3      | Became a worshipper of Cheibriados the Contemplative
  3268 | D:3      | Reached * piety under Cheibriados
  3482 | D:3      | Reached skill level 1 in Maces & Flails
  3854 | D:3      | Reached XP level 6. HP: 15/34 MP: 10/10
  4141 | D:4      | Reached skill level 1 in Armour
  4361 | D:4      | Noticed Ijyb
  4488 | D:4      | Killed Ijyb
  4645 | D:4      | Noticed Dowan
  4646 | D:4      | Noticed Duvessa
  4652 | D:4      | Killed Dowan
  4769 | D:4      | Reached XP level 7. HP: 38/38 MP: 11/11
  4856 | D:4      | Noticed Menkaure
  4874 | D:4      | Killed Menkaure
  5355 | D:4      | Reached ** piety under Cheibriados
  5465 | D:4      | Killed Duvessa
  5465 | D:4      | Reached XP level 8. HP: 43/43 MP: 12/12
  5728 | D:5      | Entered Level 5 of the Dungeon
  5877 | D:5      | Reached skill level 5 in Maces & Flails
  6238 | D:5      | Mangled by an ogre

Illustrated notes

Levels and vault maps discovered:
D:1:      nicolae_arrival_washed_ashore, layout_basic
D:2:      layout_rooms
D:3:      kennysheep_the_goblin_king, layout_loops_ring, cheibriados_altar_1,
          chequers_big_river
D:4:      layout_layer_cave, first_ration, uniq_ijyb, uniq_duvessa,
          uniq_menkaure
D:5:      minmay_polygon_palace, layout_basic, nicolae_overflow_crystal_walls,
          st_stairs_7, uniq_eustachio

Skill      XL: |  1  2  3  4  5  6  7  8 |
---------------+-------------------------+-----
Evocations     | 4 5 6 |  6.0
Stealth        | 2 3 4 |  4.8
Short Blades   | 2 |  2.7
Maces & Flails | 1 2 4 6 |  6.2
Armour         | 1 |  1.4
Dodging        | 3 |  3.7
Fighting       | |  1.1

Action                   |  1- 3 |  4- 6 |  7- 9 || total
-------------------------+-------+-------+-------++-------
Melee: Short sword       |    98 |    10 |       ||   108
       Flail             |       |   257 |   108 ||   365
Throw: Stone             |    18 |    32 |     5 ||    55
       Boomerang         |       |       |     6 ||     6
Invok: Bend Time         |       |       |     2 ||     2
Evoke: Wand              |     4 |     5 |    13 ||    22
  Use: Potion            |       |     2 |       ||     2
       Scroll            |       |       |    11 ||    11
 Stab: Sleeping          |     6 |     8 |     5 ||    19
  Eat: Chunk             |    11 |     8 |     2 ||    21
Armor: Leather armour    |     3 |    25 |    15 ||    43
       Robe              |    11 |       |       ||    11
       Ring mail         |       |    27 |       ||    27
       Scale mail        |       |     4 |       ||     4
       Chain mail        |       |       |    10 ||    10
Dodge: Dodged            |    83 |   333 |    85 ||   501
       Repelled          |     5 |     2 |       ||     7
